 Dungeon Crawl Stone Soup version 0.31.0-4-g52a2dc7128 (webtiles) character file.

Game seed: 15602131456405032278

144 zenocrate the Sneak (level 5, -4/24 HPs)
             Began as a Vine Stalker Enchanter on Jan 23, 2024.
             Slain by Crazy Yiuf
             ... wielding a +4 quarterstaff of chaos
              (11 damage)
             ... on level 2 of the Dungeon.
             The game lasted 00:02:14 (2207 turns).

zenocrate the Sneak (Vine Stalker Enchanter)        Turns: 2207, Time: 00:02:14

Health: -4/24      AC:  2    Str: 10    XL:     5   Next: 26%
Magic:  0/9        EV: 17    Int: 15    God:
Gold:   129        SH:  0    Dex: 17    Spells: 3/8 levels left

rFire   . . .        a - +1 dagger
rCold   . . .        (no shield)
rNeg    . . .        b - +0 robe
rPois   .            (no helmet)
rElec   .            (no cloak)
rCorr   .            (no gloves)
SInv    .            (no boots)
Will    +....        (no amulet)
Stlth   +++          g - ring of willpower
HPRegen 1.04/turn    i - +5 ring of evasion
MPRegen 0.11/turn

%: guardian spirit
@: lethally poisoned (-4 -> -6)
A: fangs 2, regeneration 1, magic shield, antimagic bite, no potion heal 2
a: no special abilities


You were on level 2 of the Dungeon.
You visited 1 branch of the dungeon, and saw 2 of its levels.

You collected 129 gold pieces.

Inventory:

Hand Weapons
 a - a +1 dagger (weapon)
Missiles
 f - a throwing net
 m - 4 poisoned darts (quivered)
 o - 3 atropa-tipped darts
Armour
 b - a +0 robe (worn)
 p - a +0 buckler
Jewellery
 g - a ring of willpower (left hand)
 i - a +5 ring of evasion (right hand)
Wands
 t - a wand of polymorph (7)
Scrolls
 e - a scroll of identify {unknown}
 h - a scroll of noise {unknown}
 k - 2 scrolls of enchant weapon {unknown}
 r - a scroll of vulnerability {unknown}
 s - a scroll of teleportation {unknown}
Potions
 c - 2 potions of invisibility
 d - a potion of heal wounds {unknown}
 j - a potion of enlightenment {unknown}
 l - a potion of might {unknown}
 n - a potion of berserk rage {unknown}
 q - a potion of attraction {unknown}


   Skills:
 + Level 2.0 Short Blades
 + Level 2.2 Dodging
 + Level 4.6 Stealth
 - Level 2.1 Spellcasting
 + Level 3.6 Hexes
 * Level 2.2 Ice Magic


You had 3 spell levels left.
You knew the following spells:

 Your Spells              Type           Power      Damage    Failure   Level
a - Ensorcelled Hibernat  Hex/Ice        20%        N/A       10%         2
b - Confusing Touch       Hex            12%        N/A       14%         3

Your spell library contained the following spells:

 Spells                   Type           Power      Damage    Failure   Level
 Tukima's Dance           Hex            12%        N/A       14%         3
 Dazzling Flash           Conj/Hex       14%        N/A       30%         3


Dungeon Overview and Level Annotations

Branches:
Dungeon (2/15)

Altars:
Sif Muna

Annotations:
D:2 Crazy Yiuf


Innate Abilities, Weirdness & Mutations

You have extremely sharp teeth.
Your natural rate of healing is unusually fast.
When hurt, damage is shared between your health and your magic reserves.
Your bite disrupts and absorbs the magic of your enemies.
Potions cannot restore your health.


Message History

Casting: Ensorcelled Hibernation (safe; 10% risk of failure)
Confirm with . or Enter, or press ? or * to list all spells.
You don't have enough magic to cast this spell.
You hit Crazy Yiuf.
Crazy Yiuf is lightly wounded.
Crazy Yiuf yells, "Tonal!"
Crazy Yiuf hits you with a +4 quarterstaff of chaos!
Crazy Yiuf freezes you.
Unknown command.
You hit Crazy Yiuf but do no damage.
Crazy Yiuf is lightly wounded.
Unknown command.
Unknown command.
You hit Crazy Yiuf but do no damage. You bite Crazy Yiuf. You drain his power.
You feel invigorated.
Crazy Yiuf is moderately wounded.
Crazy Yiuf completely misses you.
Unknown command.
Unknown command.
Casting: Ensorcelled Hibernation (safe; 10% risk of failure)
Confirm with . or Enter, or press ? or * to list all spells.
Aiming: Ensorcelled Hibernation (safe; 10% risk of failure)
Press: ? - help, Shift-Dir - straight line, f/p - Crazy Yiuf
Aim: Crazy Yiuf, wielding a +4 quarterstaff of chaos and wearing a +0 cloak (moderately wounded, chance to affect: 52%) Crazy Yiuf resists with significant effort.
Crazy Yiuf barely misses you.
Unknown command.
Unknown command.
You hit Crazy Yiuf but do no damage. You bite Crazy Yiuf. You drain his power.
You feel invigorated.
Crazy Yiuf is moderately wounded.
Crazy Yiuf hits you with a +4 quarterstaff of chaos!
You are poisoned.
Unknown command.
You hit Crazy Yiuf but do no damage.
Crazy Yiuf is moderately wounded.
You feel sick.
Crazy Yiuf says, "Gum!"
Crazy Yiuf hits you with a +4 quarterstaff of chaos!
You die...

######## ###
###.#.P#.##
#...##..#..#...##
#...g@####......#
#)..### ##.#...#
### ####..# #.##
#.# #### ### #.#
#...
#############.#
#.# #รท##
..............#
#.# #.#
#############.#
#.####.#


You could see Crazy Yiuf.

Vanquished Creatures
  Natasha (thrice) (D:2)
  2 adders (D:2)
  A bat (D:1)
  4 endoplasms
  A giant cockroach (D:1)
  4 goblins (D:1)
  5 hobgoblins
  9 jackals
  A quokka (D:2)
  4 ball pythons (D:1)
  2 frilled lizards (D:1)
  4 kobolds
  10 rats
50 creatures vanquished.

Notes
Turn   | Place    | Note
-------+----------+-------------------------------------------
     0 | D:1      | zenocrate the Vine Stalker Enchanter began the quest for
                  | the Orb.
     0 | D:1      | Reached XP level 1. HP: 9/9 MP: 4/4
   130 | D:1      | Reached skill level 1 in Short Blades
   207 | D:1      | Reached XP level 2. HP: 13/13 MP: 6/6
   323 | D:1      | Learned a level 2 spell: Ensorcelled Hibernation
   444 | D:1      | Reached skill level 4 in Stealth
   666 | D:1      | Reached XP level 3. HP: 15/16 MP: 1/7
   674 | D:1      | Learned a level 3 spell: Confusing Touch
   826 | D:1      | Reached skill level 1 in Ice Magic
  1199 | D:2      | Found a shimmering blue altar of Sif Muna.
  1289 | D:2      | Noticed Natasha
  1304 | D:2      | Killed Natasha
  1305 | D:2      | Reached XP level 4. HP: 11/21 MP: 0/8
  1521 | D:2      | Noticed Natasha
  1527 | D:2      | Killed Natasha
  1891 | D:2      | Noticed Natasha
  1901 | D:2      | Killed Natasha
  1902 | D:2      | Reached XP level 5. HP: 23/24 MP: 4/9
  1988 | D:2      | Found a runed translucent door.
  1989 | D:2      | Noticed Crazy Yiuf
  2207 | D:2      | Slain by Crazy Yiuf

Illustrated notes

Levels and vault maps discovered:
D:1:      saegor_arrival_simple_e, layout_basic
D:2:      layout_loops_ring, basic_altar, uniq_natasha, uniq_crazy_yiuf_cottage

Skill      XL: |  1  2  3  4  5 |
---------------+----------------+-----
Short Blades   | 1 2 |  2.0
Stealth        | 4 |  4.6
Ice Magic      | 1 2 |  2.2
Dodging        | 2 |  2.2
Spellcasting   | |  2.1
Hexes          | |  3.6

Action                     |  1- 3 |  4- 6 || total
---------------------------+-------+-------++-------
  Melee: Dagger            |    96 |    64 ||   160
         Bite              |    24 |    19 ||    43
         Punch             |       |     1 ||     1
   Cast: Ensorcelled Hiber |    10 |    12 ||    22
   Stab: Sleeping          |     8 |     4 ||    12
         Distracted        |     1 |     1 ||     2
 Armour: Robe              |    41 |    15 ||    56
  Dodge: Dodged            |    59 |    49 ||   108
